 Dungeon Sprint DCSS version 0.22-a0-433-gd2a9cce (webtiles) character file.

42 jerryfan the Slicer (level 3, -2/27 HPs)
             Began as a Gnoll Wanderer on May 27, 2018.
             Slain by a human (3 damage)
             ... in the Dungeon (Sprint III: "The Ten Rune Challenge").
             The game lasted 00:01:53 (298 turns).

jerryfan the Slicer (Gnoll Wanderer)                 Turns: 298, Time: 00:01:54

Health: -2/27      AC:  2    Str: 14    XL:     3   Next: 54%
Magic:  8/8        EV: 13    Int: 14    God:
Gold:   0          SH:  0    Dex: 15    Spells: 9/9 levels left

rFire    . . .     SeeInvis .   a - +2 short sword
rCold    . . .     Gourm    .   (no shield)
rNeg     . . .     Faith    .   d - +0 robe
rPois    .         Spirit   .   (no helmet)
rElec    .         Reflect  .   (no cloak)
rCorr    .         Harm     .   (no gloves)
MR       .....     NoTele   +   (no boots)
Stlth    ++........             (no amulet)
HPRegen  0.09/turn              (no ring)
MPRegen  0.11/turn              (no ring)

@: no status effects
A: distributed training, fangs 1, strong nose
a: no special abilities


You were in the Dungeon.
You were not hungry.

You visited 1 branch

Inventory:

Hand Weapons
 a - a +2 short sword (weapon)
Missiles
 m - 12 arrows
Armour
 d - a +0 robe (worn)
Scrolls
 b - a scroll of teleportation
 k - a scroll of blinking
Potions
 c - a potion of lignification
 e - a potion of curing
 g - a potion of heal wounds
 h - a potion of haste
 i - 2 potions of magic
 j - a potion of berserk rage
Comestibles
 f - 2 rations


   Skills:
 + Level 2.0 Fighting
 + Level 8.8 Short Blades
 + Level 2.0 Long Blades
 + Level 2.0 Axes
 + Level 2.0 Maces & Flails
 + Level 2.0 Polearms
 + Level 2.0 Staves
 + Level 2.0 Slings
 + Level 2.0 Bows
 + Level 2.0 Crossbows
 + Level 2.0 Throwing
 + Level 2.0 Armour
 + Level 3.3 Dodging
 + Level 3.1 Stealth
 + Level 3.3 Shields
 + Level 2.0 Unarmed Combat
 + Level 3.5 Spellcasting
 + Level 1.6 Conjurations
 + Level 1.6 Hexes
 + Level 1.6 Charms
 + Level 1.6 Summonings
 + Level 1.6 Necromancy
 + Level 1.6 Translocations
 + Level 1.6 Transmutations
 + Level 1.6 Fire Magic
 + Level 1.6 Ice Magic
 + Level 1.6 Air Magic
 + Level 4.1 Earth Magic
 + Level 1.6 Poison Magic
 + Level 2.2 Invocations
 + Level 2.0 Evocations


You had 9 spell levels left.
You didn't know any spells.
Your spell library was empty.

Dungeon Overview and Level Annotations

Branches:
Dungeon (1/1)

Altars:


Innate Abilities, Weirdness & Mutations

Your experience applies equally to all skills.
You have very sharp teeth.
Your uncanny sense of smell can sniff out nearby items.


Message History

The human is moderately wounded.
The human barely misses you.
You hit the human. You bite the human.
The human is heavily wounded.
You hit the human.
The human is heavily wounded.
The human hits you.
You hit the human.
The human is severely wounded.
The human barely misses you.
You barely miss the human.
The human is severely wounded.
You hit the human. You bite the human, but do no damage.
The human is almost dead.
The human hits you!
* * * LOW HITPOINT WARNING * * *
You hit the human. You punch the human, but do no damage.
The human is almost dead.
The human hits you.
You die...

▓..#∆∆
▓#'####.....♣♣ #∆
▓.....#....≈.♣♣ .#
▓...).#...≈≈..♣♣♣.#
▓.....#..≈≈≈≈..♣..+
▓####'#..≈≈≈≈≈≈...#
▓.....#.≈≈≈≈≈≈....#
▓.....#.≈≈≈≈≈.....#
▓.....#.≈≈≈..@p...#
▓'#####...........#
∆
▓.................#
▓▓▓▓▓▓▓▓▓▓▓▓▓▓▓▓▓▓▓
∆


You could see a human.

Vanquished Creatures
  Jessica (D)
  A wolf (D)
  3 rats (D)
5 creatures vanquished.

Vanquished Creatures (others)
  2 draconian scorchers (D)
  6 hellions (D)
  A yaktaur (D)
9 creatures vanquished.

Grand Total: 14 creatures vanquished

Notes
Turn   | Place    | Note
-------+----------+-------------------------------------------
     0 | D        | jerryfan the Gnoll Wanderer began the quest for the Orb.
     0 | D        | jerryfan set off with: a +2 short sword, a scroll of teleportation, a potion of lignification, a +0 robe, a potion of curing, a ration, a potion of heal wounds, a potion of haste, 2 potions of magic, a potion of berserk rage, a scroll of blinking
     0 | D        | Reached XP level 1. HP: 13/13 MP: 4/4
    10 | D        | Noticed Jessica
    18 | D        | Killed Jessica
    18 | D        | Reached skill level 1 in Fighting
    18 | D        | Reached skill level 1 in Long Blades
    18 | D        | Reached skill level 1 in Axes
    18 | D        | Reached skill level 1 in Maces & Flails
    18 | D        | Reached skill level 1 in Polearms
    18 | D        | Reached skill level 1 in Staves
    18 | D        | Reached skill level 1 in Slings
    18 | D        | Reached skill level 1 in Bows
    18 | D        | Reached skill level 1 in Crossbows
    18 | D        | Reached skill level 1 in Throwing
    18 | D        | Reached skill level 1 in Armour
    18 | D        | Reached skill level 1 in Unarmed Combat
    18 | D        | Reached skill level 1 in Conjurations
    18 | D        | Reached skill level 1 in Hexes
    18 | D        | Reached skill level 1 in Charms
    18 | D        | Reached skill level 1 in Summonings
    18 | D        | Reached skill level 1 in Necromancy
    18 | D        | Reached skill level 1 in Translocations
    18 | D        | Reached skill level 1 in Transmutations
    18 | D        | Reached skill level 1 in Fire Magic
    18 | D        | Reached skill level 1 in Ice Magic
    18 | D        | Reached skill level 1 in Air Magic
    18 | D        | Reached skill level 1 in Poison Magic
    18 | D        | Reached skill level 1 in Evocations
    18 | D        | Reached XP level 2. HP: 18/22 MP: 6/6
    18 | D        | Reached XP level 3. HP: 22/27 MP: 7/7
   121 | D        | Killed a hellion
   121 | D        | Killed a hellion
   121 | D        | Killed a hellion
   144 | D        | Killed a hellion
   152 | D        | Killed a hellion
   152 | D        | Killed a yaktaur
   190 | D        | Killed a white draconian scorcher
   214 | D        | Killed a white draconian scorcher
   224 | D        | Killed a hellion
   297 | D        | HP: 1/27 [human (8)]
   298 | D        | Slain by a human

Vault maps used:
D:        dungeon_sprint_mu

Skill      XL: |  1  2  3 |
---------------+----------+-----
Fighting       | 1 2 |  2.0
Long Blades    | 1 2 |  2.0
Axes           | 1 2 |  2.0
Maces & Flails | 1 2 |  2.0
Polearms       | 1 2 |  2.0
Staves         | 1 2 |  2.0
Slings         | 1 2 |  2.0
Bows           | 1 2 |  2.0
Crossbows      | 1 2 |  2.0
Throwing       | 1 2 |  2.0
Armour         | 1 2 |  2.0
Dodging        | 3 |  3.3
Stealth        | 3 |  3.1
Shields        | 3 |  3.3
Unarmed Combat | 1 2 |  2.0
Spellcasting   | 3 |  3.5
Conjurations   | 1 |  1.6
Hexes          | 1 |  1.6
Charms         | 1 |  1.6
Summonings     | 1 |  1.6
Necromancy     | 1 |  1.6
Translocations | 1 |  1.6
Transmutations | 1 |  1.6
Fire Magic     | 1 |  1.6
Ice Magic      | 1 |  1.6
Air Magic      | 1 |  1.6
Earth Magic    | 4 |  4.1
Poison Magic   | 1 |  1.6
Invocations    | 2 |  2.2
Evocations     | 1 2 |  2.0
Short Blades   | |  8.8

Action                   || total
-------------------------++-------
Melee: Short sword       ||    30
       Bite              ||     6
       Punch             ||     1
 Stab: Sleeping          ||     2
Dodge: Dodged            ||     9

Table legend:
 A = Spawn XP
 B = Non-spawn XP
 C = Spawn XP percentage of total XP
 D = Spawn monster count
 E = Non-spawn monster count
 F = Spawn count percentage of total count
 G = Total turns spent on level
                    A         B        C        D         E        F      G
               +---------+---------+-------+---------+---------+-------+---------
         Total |       0 |      60 |   0.0 |       0 |       5 |   0.0 |   298
               +---------+---------+-------+---------+---------+-------+---------
             D |       0 |      60 |   0.0 |       0 |       5 |   0.0 |   298
               +---------+---------+-------+---------+---------+-------+---------
